 Dungeon Crawl Stone Soup version 0.21.1-1-g345015f (webtiles) character file.

244 MagicOnly the Stinger (level 5, -6/24 HPs)
             Began as a Spriggan Venom Mage on Jan 24, 2018.
             Was an Initiate of Yredelemnul.
             Mangled by a gnoll
             ... wielding a +0 spear
              (8 damage)
             ... on level 4 of the Dungeon on Mar 29, 2018.
             The game lasted 00:17:50 (4377 turns).

MagicOnly the Stinger (Spriggan Venom Mage)         Turns: 4377, Time: 00:17:51

Health: -6/24      AC:  2    Str:  4    XL:     5   Next: 83%
Magic:  8/12       EV: 19    Int: 17    God:    Yredelemnul [......]
Gold:   92         SH:  0    Dex: 19    Spells: 7/12 levels left

rFire    . . .     SeeInvis +   l - +0 dagger (venom)
rCold    . . .     Gourm    .   (shield restricted)
rNeg     . . .     Faith    .   a - +0 robe
rPois    .         Spirit   .   (helmet restricted)
rElec    .         Reflect  .   (no cloak)
rCorr    .         Harm     .   (gloves unavailable)
MR       .....                  (boots unavailable)
Stlth    +++.......             (no amulet)
HPRegen  0.08/turn              (no ring)
MPRegen  0.13/turn              k - +2 ring of dexterity

@: very slightly contaminated, very quick
A: very small, unfitting armour, see invisible, herbivore, speed 3, slow
metabolism 2
a: Renounce Religion


You were on level 4 of the Dungeon.
You worshipped Yredelemnul.
Yredelemnul was noncommittal.
You were near starving.

You visited 1 branch of the dungeon, and saw 4 of its levels.

You collected 92 gold pieces.

Inventory:

Hand Weapons
 e - a +0 dagger of venom
 l - a +0 dagger of venom (weapon)
Armour
 a - a +0 robe (worn)
Jewellery
 k - a +2 ring of dexterity (right hand)
Scrolls
 g - a scroll of identify
 i - a scroll of magic mapping
 j - a scroll of remove curse
 p - a scroll of enchant weapon {unknown}
 q - 2 scrolls of enchant armour {unknown}
 s - a scroll of teleportation {unknown}
Potions
 m - a potion of invisibility {unknown}
 n - a potion of resistance {unknown}
 r - a potion of degeneration {unknown}
Books
 b - a Young Poisoner's Handbook

   Spells                             Type                      Level
   a - Sting                          Conjuration/Poison           1
   b - Poisonous Vapours              Poison/Air                   2
   c - Mephitic Cloud                 Conjuration/Poison/Air       3
   d - Olgreb's Toxic Radiance        Poison                       4
   e - Venom Bolt                     Conjuration/Poison           5
 o - a book of Minor Magic

   Spells                             Type                      Level
   a - Magic Dart                     Conjuration                  1
   b - Blink                          Translocation                2
   c - Call Imp                       Summoning                    2
   d - Slow                           Hexes                        2
   e - Conjure Flame                  Conjuration/Fire             3
   f - Mephitic Cloud                 Conjuration/Poison/Air       3
Comestibles
 c - 8 rations


   Skills:
 + Level 0.1 Fighting
 + Level 1.0 Short Blades
 + Level 3.5 Dodging
 + Level 3.9 Stealth
 + Level 0.2 Unarmed Combat
 + Level 4.2 Spellcasting
 + Level 2.2 Conjurations
 + Level 4.3 Poison Magic


You had 7 spell levels left.
You knew the following spells:

 Your Spells              Type           Power        Failure   Level  Hunger
a - Sting                 Conj/Pois      ##..         4%          1    None
b - Olgreb's Toxic Radia  Pois           ###.....     26%         4    ####...


Dungeon Overview and Level Annotations

Branches:
Dungeon (4/15)
 Temple: D:4-7

Altars:
Kikubaaqudgha
Trog
Yredelemnul
Zin


Innate Abilities, Weirdness & Mutations

You are very small and have problems with some larger weapons.
You are too small for most types of armour.
You have supernaturally acute eyesight. (SInv)
You are a herbivore.
You cover ground extremely quickly.
You need consume almost no food.


Message History

The gnoll closely misses you.
You see here a club.
A gnoll comes into view. It is wielding a club.
The gnoll closely misses you.
The gnoll shouts!
The gnoll closely misses you. The gnoll barely misses you.
The gnoll completely misses you.
Casting: Sting
Confirm with . or Enter, or press ? or * to list all spells.
You begin to radiate toxic energy.
You are near starving!
The gnoll is poisoned. x2
The gnoll hits you from afar with a spear.
* * * LOW HITPOINT WARNING * * *
Your toxic aura wanes.
You see here a club.
The gnoll hits you from afar with a spear!
You die...
Your body rises from the dead as a mindless zombie.

### #### #..
... #.# #.##
#.#
#<###.#######
##.#g........
##@..#######
##)##g#
#.....#
#.###### ##


You could see 2 gnolls.

Vanquished Creatures
  Purgy (D:3)
  2 gnolls
  6 adders
  2 worms (D:2)
  2 dart slugs (D:1)
  A leopard gecko (D:1)
  An orc (D:4)
  6 giant cockroaches
  4 goblins
  6 hobgoblins
  6 jackals
  8 kobolds
  A ball python (D:1)
  7 bats
  5 frilled lizards
  5 rats
63 creatures vanquished.

Notes
Turn   | Place    | Note
-------+----------+-------------------------------------------
     0 | D:1      | MagicOnly the Spriggan Venom Mage began the quest for the Orb.
     0 | D:1      | Reached XP level 1. HP: 9/9 MP: 5/5
   440 | D:1      | Reached XP level 2. HP: 5/13 MP: 0/6
   813 | D:1      | Reached skill level 1 in Conjurations
  1498 | D:1      | Reached XP level 3. HP: 16/16 MP: 5/8
  1994 | D:2      | Found a bloodstained altar of Trog.
  2229 | D:2      | Reached XP level 4. HP: 21/21 MP: 0/9
  2922 | D:2      | Upgraded the game from 0.21.0-25-ge575cb9 to 0.21.1-1-g345015f
  2928 | D:2      | Learned a level 4 spell: Olgreb's Toxic Radiance
  3161 | D:3      | Found a basalt altar of Yredelemnul.
  3171 | D:3      | Became a worshipper of Yredelemnul the Dark
  3240 | D:3      | Found an ancient bone altar of Kikubaaqudgha.
  3633 | D:3      | Noticed Purgy
  3688 | D:3      | HP: 1/21 [Purgy (1)]
  4052 | D:3      | Found a glowing silver altar of Zin.
  4189 | D:3      | Killed Purgy
  4189 | D:3      | Reached skill level 1 in Short Blades
  4189 | D:3      | Reached XP level 5. HP: 24/24 MP: 1/12
  4377 | D:4      | Mangled by a gnoll

Skill      XL: |  1  2  3  4 |
---------------+-------------+-----
Conjurations   | 1 2 |  2.2
Spellcasting   | 3 4 |  4.2
Short Blades   | 1 |  1.0
Poison Magic   | 4 |  4.3
Fighting       | |  0.1
Dodging        | |  3.5
Stealth        | |  3.9
Unarmed Combat | |  0.2

Action                   |  1- 3 |  4- 6 || total
-------------------------+-------+-------++-------
Melee: Unarmed           |    14 |       ||    14
       Dagger            |     9 |    19 ||    28
 Cast: Sting             |    97 |    82 ||   179
       Olgreb's Toxic Ra |       |     3 ||     3
  Use: Potion            |       |     2 ||     2
       Scroll            |       |     4 ||     4
Armor: Robe              |     6 |     2 ||     8
Dodge: Dodged            |    42 |    49 ||    91
